AoeStats
← elhijochiquito

Arena

509593772Analyzed
4v4 RM · 5d ago on Sep 27, 2026· 54m 41s· 8 players
Game mode
Random Map
Map size
Large (8 player)
Population
200
Speed
Normal
Resources
Standard
Victory
Conquest
Starting age
Dark Age
Ending age
Imperial Age
RankedLock teamsTeams togetherTeam positionsShared explorationLock speedFull tech treeHidden civsTurbo modeCheats
Victory
Defeat
🇳🇱 Burmese · Netherlands
1193
+17
🇹🇼 Franks · Taiwan
1186
+18
🇯🇵 Gurjaras · Japan
1159
+19
🇯🇵 Danes · Japan
1144
+19
🇺🇿 Saxons · Uzbekistan
1269
-20
🇹🇷 Persians · Türkiye
1236
-19
🇷🇴 Malians · Romania
1223
-18
🇦🇺 Japanese · Australia
1159
-16
BLABLA_8686
11:11 Feudal Age
14:50 Castle Age
14:13 Double-Bit Axe
16:56 Bow Saw
20:03 Wheelbarrow
22:00 Hand Cart
23:29 Gold Mining
23:34 Stone Mining
26:02 Gold Shaft Mining
25:34 Loom
29:03 Imperial Age
26:43 Scale Barding Armor
26:48 Forging
27:19 Husbandry
28:24 Chain Barding Armor
30:21 Iron Casting
29:14 Cavalier
32:01 Plate Barding Armor
33:22 Blast Furnace
31:54 Paladin
33:11 Town Watch
34:08 Conscription
34:56 Blast Furnace
33:47 Fletching
36:29 Chemistry
36:25 Chivalry
38:28 Treadmill Crane
38:45 Bodkin Arrow
38:51 Padded Archer Armor
39:19 Ballistics
41:27 Light Cavalry
53:15 Coinage
52:45 Caravan
Deathiscoming
9:02 Feudal Age
15:59 Castle Age
23:20 Fervor
24:06 Padded Archer Armor
24:31 Horse Collar
25:27 Fletching
25:57 Heavy Plow
26:53 Gold Mining
28:02 Sanctity
28:50 Gold Shaft Mining
28:08 Stone Mining
30:10 Wheelbarrow
29:24 Town Watch
29:26 Loom
32:21 Imperial Age
29:39 Town Watch
30:48 Ballistics
30:28 Bodkin Arrow
31:04 Man-at-Arms
31:45 Scale Mail Armor
32:05 Fortified Wall
32:52 Squires
32:39 Gambesons
32:16 Long Swordsman
32:19 Pikeman
33:29 Chain Mail Armor
34:43 Conscription
34:07 Elite Arambai
36:24 Chemistry
36:53 Parthian Tactics
35:54 Long Swordsman
36:21 Arson
37:11 Hand Cart
36:38 Two-Handed Swordsman
37:57 Plate Mail Armor
37:38 Forging
38:05 Champion
38:49 Bracer
38:29 Halberdier
40:21 Crop Rotation
43:26 Iron Casting
43:05 Bloodlines
42:57 Husbandry
43:33 Manipur Cavalry
43:33 Howdah
43:30 Elite Battle Elephant
45:13 Blast Furnace
44:19 Scale Barding Armor
51:12 Siege Engineers
50:48 Treadmill Crane
51:19 Masonry
53:18 Bracer
53:57 Spies/Treason
baoh59
10:10 Feudal Age
12:10 Loom
15:00 Castle Age
13:27 Double-Bit Axe
13:44 Horse Collar
14:50 Stone Mining
15:00 Gold Mining
16:00 Wheelbarrow
16:36 Bow Saw
19:44 Heavy Plow
24:16 Gold Shaft Mining
30:57 Imperial Age
28:30 Scale Mail Armor
28:42 Forging
27:54 Man-at-Arms
28:51 Squires
28:37 Arson
28:52 Gambesons
29:13 Long Swordsman
31:11 Hand Cart
31:35 Stone Shaft Mining
31:30 Chain Mail Armor
31:51 Iron Casting
31:03 Onager
32:06 Conscription
31:10 Hamask
31:52 Town Watch
31:35 Pikeman
34:21 Halberdier
34:36 Two-Handed Swordsman
35:47 Plate Mail Armor
36:17 Blast Furnace
35:56 Fletching
37:00 Champion
37:14 Capped Ram
39:50 Bodkin Arrow
40:58 Caravan
42:48 Siege Engineers
43:43 Chemistry
43:12 Northmen's Fury
44:32 Siege Onager
46:02 Hoardings
46:56 Bracer
47:18 Ballistics
47:20 Siege Ram
48:33 Elite Varangian Guard
53:01 Padded Archer Armor
52:54 Guard Tower
52:50 Arrowslits
persimmon
10:32 Feudal Age
12:08 Double-Bit Axe
14:35 Castle Age
12:26 Horse Collar
14:30 Wheelbarrow
15:27 Bow Saw
20:05 Gold Mining
21:31 Heavy Plow
22:38 Loom
23:11 Hand Cart
24:17 Gold Shaft Mining
23:43 Stone Mining
28:37 Imperial Age
26:19 Padded Archer Armor
26:10 Fletching
26:59 Stone Shaft Mining
27:17 Leather Archer Armor
27:37 Bodkin Arrow
28:49 Scale Barding Armor
28:54 Forging
29:41 Bracer
29:27 Elite Elephant Archer
29:44 Siege Elephant
31:37 Chain Barding Armor
31:53 Iron Casting
31:29 Kshatriyas
31:40 Caravan
33:54 Chemistry
33:18 Husbandry
33:31 Bloodlines
33:36 Light Cavalry
39:10 Hussar
39:11 Heavy Camel Rider
40:29 Conscription
42:32 Town Watch
49:02 Ballistics
Han
2:42 Loom
10:08 Feudal Age
15:55 Castle Age
13:44 Double-Bit Axe
17:21 Bow Saw
18:15 Gold Mining
19:35 Wheelbarrow
18:53 Horse Collar
21:10 Pikeman
23:05 Town Watch
23:57 Squires
23:52 Gambesons
24:44 Husbandry
25:22 Scale Barding Armor
25:28 Forging
27:08 Bloodlines
28:22 Chain Barding Armor
28:47 Heavy Plow
29:10 Stone Mining
30:08 Hand Cart
31:39 Iron Casting
31:18 Arson
36:02 Imperial Age
35:44 Cavalier
37:21 Plate Barding Armor
36:20 Light Cavalry
38:10 Gold Shaft Mining
38:30 Hussar
40:19 Blast Furnace
41:43 Heavy Camel Rider
42:02 Savar
45:45 Hoardings
51:14 Citadels
51:13 Murder Holes
51:29 Masonry
53:00 Architecture
MCMLXX
10:00 Feudal Age
15:36 Castle Age
14:50 Loom
14:50 Horse Collar
15:27 Double-Bit Axe
18:33 Stone Mining
23:14 Gold Mining
30:35 Imperial Age
28:08 Fletching
28:56 Bodkin Arrow
29:04 Scale Mail Armor
29:45 Bow Saw
30:16 Chain Mail Armor
30:41 Forging
32:23 Iron Casting
32:21 Plate Mail Armor
32:35 Wheelbarrow
31:48 Town Watch
32:43 Conscription
33:47 Elite Gbeto
34:59 Scale Barding Armor
34:56 Farimba
35:38 Hand Cart
36:15 Chain Barding Armor
35:42 Heavy Camel Rider
37:16 Gold Shaft Mining
36:55 Bloodlines
37:50 Plate Barding Armor
39:23 Heavy Plow
41:42 Squires
41:27 Arson
41:03 Pikeman
elhijochiquito
10:32 Feudal Age
15:37 Castle Age
13:47 Double-Bit Axe
14:02 Horse Collar
17:29 Wheelbarrow
17:29 Bow Saw
18:23 Heavy Plow
21:51 Crossbowman
23:10 Fletching
25:41 Hand Cart
26:32 Bodkin Arrow
28:38 Gold Mining
28:39 Stone Mining
28:58 Padded Archer Armor
29:12 Thumb Ring
29:50 Ballistics
29:43 Fortified Wall
29:15 Treadmill Crane
29:27 Guard Tower
30:00 Masonry
29:47 Murder Holes
30:47 Gold Shaft Mining
34:28 Imperial Age
32:23 Forging
32:14 Scale Mail Armor
32:34 Yasama
34:36 Elite Samurai
35:36 Conscription
34:44 Capped Ram
38:48 Elite Skirmisher
39:47 Gambesons
39:23 Man-at-Arms
40:15 Long Swordsman
41:18 Chain Mail Armor
41:39 Iron Casting
41:07 Two-Handed Swordsman
41:50 Champion
43:06 Plate Mail Armor
46:21 Two-Man Saw
karbid
9:54 Feudal Age
13:47 Castle Age
13:34 Horse Collar
16:32 Loom
17:41 Double-Bit Axe
17:55 Horse Collar
22:29 Wheelbarrow
24:25 Heavy Plow
25:03 Bow Saw
30:05 Imperial Age
28:03 Squires
29:04 Fortified Wall
29:13 Hand Cart
29:56 Gambesons
29:56 Arson
30:34 Forging
30:25 Scale Mail Armor
30:05 Pikeman
30:33 Shield Wall
30:57 Elite Varangian Guard
32:51 Iron Casting
32:32 Chain Mail Armor
32:34 Halberdier
33:27 Capped Ram
35:43 Plate Mail Armor
37:10 Conscription
36:52 Siege Ram
42:42 Gold Mining
43:48 Ballistics
43:57 Fletching
44:50 Hoardings
44:45 Bodkin Arrow
44:50 Murder Holes
Connection lost

Rejoining the realm…

Still unreachable

The connection could not be restored.

Session expired

The server has moved on; the page needs a fresh start.